 Dungeon Crawl Stone Soup version 0.31.0-32-g396128a36d (webtiles) character file.

Game seed: 14690831571950131229

2728899 RotoMola the Conqueror (level 27, 245/245 HPs)
             Began as a Green Draconian Conjurer on Feb 28, 2024.
             Was the Champion of Hepliaklqana.
             Escaped with the Orb
             ... and 5 runes on Mar 27, 2024!
             The game lasted 1 day 13:42:13 (94025 turns).

RotoMola the Conqueror (DrCj)                  Turns: 94025, Time: 1 , 13:42:14

Health: 245/245    AC: 24    Str: 16    XL:     27
Magic:  45/46      EV: 19    Int: 38    God:    Hepliaklqana [******]
Gold:   7046       SH:  0    Dex: 10    Spells: 5/65 levels left

rFire   + + .        N - +9 hand cannon (drain)
rCold   + + +        W - crystal ball of Wucad Mu {*channel}
rNeg    + + +        (body armour unavailable)
rPois   +            I - +0 hat of Divine Compulsion {rElec rC+ Dex-3 SInv}
rElec   +            G - scarf of Syndicalism {rC+ rF+, Harm rN+}
rCorr   .            x - +2 pair of gloves of the Moon {+Inv rElec}
SInv    +            d - +3 pair of mountain boots {steadfast, rC+}
Will    +++++        T - amulet of the Four Winds {rN+ Will+++ Clar}
Stlth   +            M - ring "Bilearr" {^Contam rElec rPois rN+ Int+6 Dex+4}
HPRegen 0.60/turn    V - ring "Ixyff" {rF+ AC+4 Str+3 Int+2}
MPRegen 0.30/turn

%: harm (+30% outgoing, +20% incoming), clarity, channel magic (40%)
@: studying Axes
A: reduced essence, breathe noxious fumes, AC +13, unfitting armour, stinger 1,
poison resistance, cold-blooded, horns 2, wild magic 1, evolution 1
0: Orb of Zot
}: 5/15 runes: serpentine, barnacled, slimy, silver, icy
a: Breathe Noxious Fumes, Renounce Religion, Evoke Invisibility, Recall
Ancestor, Ancestor Identity, Transference, Idealise


You escaped.
You worshipped Hepliaklqana.
Hepliaklqana was exalted by your worship.
You visited 14 branches of the dungeon, and saw 64 of its levels.
You also visited: Trove, Bailey, Gauntlet, Volcano and Desolation.

You collected 9820 gold pieces.
You spent 2774 gold pieces at shops.

Inventory:

Hand Weapons
 N - a +9 hand cannon of draining (weapon)
Missiles
 K - 7 curare-tipped darts
Armour
 d - the +3 pair of mountain boots (worn) {steadfast, rC+}
   (You found it on level 5 of the Lair of Beasts)

   Steadfast: It prevents involuntary movement, except for blinking,
   teleportation, or banishment.
   rC+:       It protects you from cold.
 x - the +2 pair of gloves of the Moon (worn) {+Inv rElec}
   (You found it on level 2 of the Realm of Zot)

   rElec:     It insulates you from electricity.
   +Inv:      It lets you turn invisible.
 G - the scarf of Syndicalism (worn) {rC+ rF+, Harm rN+}
   (You acquired it in a bailey)

   rN+:       It protects you from negative energy.
   Harm:      It increases damage dealt and taken.
 I - the +0 hat of Divine Compulsion (worn) {rElec rC+ Dex-3 SInv}
   (You found it on level 1 of the Depths)

   Dex-3:     It affects your dexterity (-3).
   rC+:       It protects you from cold.
   rElec:     It insulates you from electricity.
   SInv:      It lets you see invisible.
 W - the crystal ball of Wucad Mu (worn) {*channel}
   (You took it off a deep elf sorcerer on level 3 of the Elven Halls)

   *Channel:  It often returns the magic spent to cast spells, but lowers their
   success rate.
   It always returns the magic spent on miscasts.
Magical Staves
 m - a staff of fire
 p - a staff of cold
 v - the staff "Pofiesh" {rElec rN+ Conj Necro}
   (You found it on level 3 of the Crypt)

   [staff of death]

   Base accuracy: +5 Base damage: 5 Base attack delay: 1.2 This weapon's minimum
   attack delay (0.6) is reached at skill level 12.
   rElec:     It insulates you from electricity.
   rN+:       It protects you from negative energy.
   Conj:      It increases the power of your Conjurations spells.
   Necro:     It increases the power of your Necromancy spells.
   It falls into the 'Staves' category.
   It is a one-handed weapon.
 P - the staff of Diqaoh {rPois SInv Alchemy}
   (You found it on level 3 of the Elven Halls)

   [staff of alchemy]

   Base accuracy: +5 Base damage: 5 Base attack delay: 1.2 This weapon's minimum
   attack delay (0.6) is reached at skill level 12.
   rPois:     It protects you from poison SInv: It lets you see invisible.
   Alchemy:   It increases the power of your Alchemy spells.
   It falls into the 'Staves' category.
   It is a one-handed weapon.
Jewellery
 o - a ring of flight
 w - the ring of Jopit {+Blink rN+ Will++}
   (You found it on level 6 of the Dungeon)

   [ring of positive energy]

   rN+:       It protects you from negative energy.
   Will++:    It greatly increases your willpower.
   +Blink:    It lets you blink.
 J - the ring of the Komodo Dragon {EV+5 Str+9 SInv}
   (You acquired it on level 9 of the Dungeon)

   [ring of evasion]

   EV+5:      It affects your evasion (+5).
   Str+9:     It affects your strength (+9).
   SInv:      It lets you see invisible.
 L - the ring "Niyhowar" {Wiz rPois rCorr Int+3}
   (You took it off a draconian stormcaller on level 1 of the Realm of Zot)

   [ring of wizardry]

   Wiz:       It improves your spell success rate.
   Int+3:     It affects your intelligence (+3).
   rPois:     It protects you from poison rCorr: It protects you from acid and
   corrosion.
 M - the ring "Bilearr" (left hand) {^Contam rElec rPois rN+ Int+6 Dex+4}
   (You took it off an imperial myrmidon in the Desolation of Salt)

   [ring of intelligence]

   Int+6:     It affects your intelligence (+6).
   Dex+4:     It affects your dexterity (+4).
   rElec:     It insulates you from electricity.
   rPois:     It protects you from poison rN+: It protects you from negative
   energy.
   ^Contam:   It causes magical contamination when unequipped.
 T - the amulet of the Four Winds (around neck) {rN+ Will+++ Clar}
   (You took it off a deep elf demonologist on level 3 of the Elven Halls)

   [amulet of nothing]

   rN+:       It protects you from negative energy.
   Will+++:   It greatly increases your willpower.
   Clar:      It protects you from confusion, rage, mesmerisation and fear.
 V - the ring "Ixyff" (right hand) {rF+ AC+4 Str+3 Int+2}
   (You found it in a Gauntlet)

   [ring of protection]

   AC+4:      It affects your AC (+4).
   Str+3:     It affects your strength (+3).
   Int+2:     It affects your intelligence (+2).
   rF+:       It protects you from fire.
Wands
 e - a wand of mindburst (13)
 y - a wand of quicksilver (73)
 B - a wand of polymorph (10)
 C - a wand of flame (139)
 H - a wand of digging (46)
 Q - a wand of charming (71)
 X - a wand of roots (49)
Scrolls
 b - 8 scrolls of immolation
 j - 2 scrolls of summoning
 n - 24 scrolls of teleportation
 t - 4 scrolls of poison
 E - a scroll of fear
 F - 3 scrolls of amnesia
 U - 2 scrolls of revelation
 Z - 6 scrolls of vulnerability
Potions
 a - a potion of magic
 f - 7 potions of haste
 g - 4 potions of invisibility
 h - 4 potions of cancellation
 i - 8 potions of mutation
 k - 11 potions of might
 l - 5 potions of curing
 q - 7 potions of resistance
 r - 7 potions of heal wounds
 s - 3 potions of lignification
 z - 6 potions of ambrosia
 D - 11 potions of enlightenment
 O - 8 potions of brilliance
Miscellaneous
 c - the horn of Geryon
 u - a phial of floods
 R - a condenser vane
 S - a lightning rod (4/4)
 Y - a phantom mirror


   Skills:
 O Level 27 Fighting
 - Level 17.0 Ranged Weapons
 + Level 20.7 Dodging
 - Level 1.7 Stealth
 - Level 19.5 Spellcasting
 - Level 21.5 Conjurations
 - Level 8.1 Translocations
 - Level 16.9 Fire Magic
 - Level 14.9 Ice Magic
 - Level 21.5 Alchemy
 - Level 15.8 Evocations


You had 5 spell levels left.
You knew the following spells:

 Your Spells              Type           Power      Damage    Failure   Level
a - Dazzling Flash        Conj/Hex       100%       N/A       1%          3
b - Orb of Destruction    Conj           65%        9d15      3%          7
c - Fulminant Prism       Conj/Alch      65%        3d28      1%          4
d - Mephitic Cloud        Conj/Alch/Air  100%       N/A       1%          3
e - Mercury Vapours       Alch/Air       100%       N/A       1%          2
f - Passage of Golubria   Tloc           92%        N/A       4%          4
g - Sting                 Conj/Alch      100%       1d9       1%          1
h - Stone Arrow           Conj/Erth      100%       3d13      1%          3
i - Starburst             Conj/Fire      63%        6d17      2%          6
j - Ignite Poison         Fire/Alch      100%       N/A       1%          4
k - Blink                 Tloc           100%       N/A       2%          2
l - Freezing Cloud        Conj/Ice/Air   53%        6-21      3%          5
m - Olgreb's Toxic Radia  Alch           100%       N/A       1%          4
n - Yara's Violent Unrav  Hex/Alch       50%        3d19      4%          5
o - Petrify               Alch/Erth      100%       N/A       3%          4
p - Teleport Other        Tloc           92%        N/A       3%          3

Your spell library contained the following spells:

 Spells                   Type           Power      Damage    Failure   Level
 Apportation              Tloc           100%       N/A       1%          1
 Foxfire                  Conj/Fire      100%       2x1d9     1%          1
 Magic Dart               Conj           100%       1d8       1%          1
 Shock                    Conj/Air       100%       1d9       1%          1
 Scorch                   Fire           100%       2d9       1%          2
 Searing Ray              Conj           100%       2d8       1%          2
 Hailstorm                Conj/Ice       100%       3d16      1%          3
 Ozocubu's Armour         Ice            100%       N/A       1%          3
 Volatile Blastmotes      Fire/Tloc      100%       2d18      1%          3
 Flame Wave               Conj/Fire      100%       2d21      1%          4
 Iskenderun's Mystic Bla  Conj/Tloc      100%       2d19      1%          4
 Sticky Flame             Fire/Alch      100%       2d15      1%          4
 Fireball                 Conj/Fire      63%        3d24      1%          5
 Irradiate                Conj/Alch      65%        3d33      1%          5
 Iskenderun's Battlesphe  Conj           100%       2d15      1%          5
 Cigotuvi's Dreadful Rot  Necr/Alch/Air  100%       N/A       2%          2
 Ensorcelled Hibernation  Hex/Ice        100%       N/A       2%          2
 Lesser Beckoning         Tloc           100%       N/A       2%          2
 Gell's Gravitas          Tloc           92%        N/A       3%          3
 Summon Ice Beast         Ice/Summ       89%        N/A       3%          3
 Brom's Barrelling Bould  Conj/Erth      100%       2d11      3%          4
 Manifold Assault         Tloc           92%        N/A       4%          4
 Summon Blazeheart Golem  Fire/Summ      93%        N/A       4%          4
 Arcjolt                  Conj/Air       50%        1d60      4%          5
 Necrotise                Necr           100%       1d9       8%          1
 Slow                     Hex            100%       N/A       8%          1
 Summon Small Mammal      Summ           100%       N/A       8%          1
 Call Imp                 Summ           96%        N/A       9%          2
 Sublimation of Blood     Necr           48%        N/A       9%          2
 Metabolic Englaciation   Hex/Ice        44%        N/A       9%          5
 Dimensional Bullseye     Hex/Tloc       36%        N/A       10%         4
 Call Canine Familiar     Summ           48%        N/A       13%         3
 Confusing Touch          Hex            48%        N/A       13%         3
 Fugue of the Fallen      Necr           48%        N/A       13%         3
 Passwall                 Erth           48%        N/A       13%         3
 Sigil of Binding         Hex            48%        N/A       13%         3
 Swiftness                Air            48%        N/A       13%         3
 Tukima's Dance           Hex            48%        N/A       13%         3
 Vampiric Draining        Necr           48%        2d9       13%         3
 Airstrike                Air            24%        2d(4-20)  28%         4
 Animate Dead             Necr           48%        N/A       28%         4
 Cause Fear               Hex            24%        N/A       28%         4
 Dispel Undead            Necr           48%        3d18      28%         4
 Martyr's Knell           Necr/Summ      48%        N/A       28%         4
 Borgnjor's Vile Clutch   Necr/Erth      24%        N/A       52%         5
 Curse of Agony           Necr           48%        N/A       52%         5
 Summon Mana Viper        Hex/Summ       48%        N/A       52%         5
 Sculpt Simulacrum        Ice/Alch       61%        N/A       2%          6
 Bombard                  Conj/Erth      50%        9d8       10%         6
 Conjure Ball Lightning   Conj/Air       50%        3x3d17    10%         6
 Ozocubu's Refrigeration  Ice            57%        4d20      10%         7
 Plasma Beam              Fire/Air       46%        2x1d61    17%         6
 Ignition                 Fire           60%        3d16      21%         8
 Spellforged Servitor     Conj/Summ      50%        N/A       28%         7
 Fire Storm               Conj/Fire      63%        8d16      58%         9
 Lehudib's Crystal Spear  Conj/Erth      50%        10d12     80%         8
 Death Channel            Necr           24%        N/A       93%         6
 Summon Cactus Giant      Summ           24%        N/A       93%         6
 Malign Gateway           Summ/Tloc      36%        N/A       94%         7
 Disjunction              Tloc           46%        N/A       98%         8
 Haunt                    Necr/Summ      24%        N/A       100%        7
 Monstrous Menagerie      Summ           24%        N/A       100%        7
 Summon Hydra             Summ           24%        N/A       100%        7
 Borgnjor's Revivificati  Necr           24%        N/A       100%        8
 Discord                  Hex            24%        N/A       100%        8
 Infestation              Necr           24%        N/A       100%        8
 Maxwell's Capacitive Co  Air            24%        ∞         100%        8
 Summon Horrible Things   Summ           24%        N/A       100%        8
 Chain Lightning          Conj/Air       50%        3d67      100%        9
 Death's Door             Necr           24%        N/A       100%        9
 Dragon's Call            Summ           24%        N/A       100%        9
 Shatter                  Erth           24%        3d21*     100%        9
 Animate Armour           Summ/Erth      Unusable   N/A       N/A         4

Dungeon Overview and Level Annotations

Branches:
Dungeon (15/15)            Temple (1/1) D:4            Lair (5/5) D:10
 Shoals (4/4) Lair:2        Snake (4/4) Lair:3        Slime (5/5) Lair:4
    Orc (2/2) D:10            Elf (3/3) Orc:2        Vaults (5/5) D:13
  Crypt (3/3) Vaults:3       Tomb (0/3) Crypt:3      Depths (4/4) D:15
   Hell (visited)             Dis (0/7) Hell            Geh (0/7) Hell
    Coc (7/7) Hell            Tar (0/7) Hell            Zot (5/5) Depths:4
 Bailey (visited)         Volcano (visited)         Desolation (visited)
Gauntlet (visited)

Altars:
Ashenzari
Cheibriados
Dithmenos
Elyvilon
Fedhas
Gozag
Hepliaklqana
Kikubaaqudgha
Makhleb
Nemelex Xobeh
Okawaru
Qazlal
Ru
Sif Muna
Trog
Uskayaw
Vehumet
Wu Jian
Xom
Yredelemnul
Zin
The Shining One
Jiyva

Shops:
D:9 *   D:10 *   Orc:2 ?[[:   Elf:1 =:::   Snake:2 !**   Vaults:4 !
Depths:3 =   Depths:4 *?

Portals:
Hell: Depths:1 Depths:2 Depths:3 Depths:4
Abyss: Depths:3
Pandemonium: Depths:2
Ziggurat: Depths:3

Annotations:
Crypt:1 1 runed translucent door, Sinef's ghost, master OpSh
Crypt:2 1 runed translucent door


Innate Abilities, Weirdness & Mutations

Your life essence is reduced to manifest your ancestor. (-10% HP)
You can breathe blasts of noxious fumes.
Your lurid green scales are hard. (AC +13)
You cannot fit into any form of body armour.
Your tail ends in a venomous barb.
Your system is resistant to poisons. (rPois)
You are cold-blooded and may be slowed by cold attacks.
You have a pair of horns on your head.
Your spells are a little harder to cast, but a little more powerful.
You have hidden genetic potential.


Message History

You climb upwards.
There is a stone staircase leading down here.
HP restored. 2 hellwings come into view.
Casting: Fulminant Prism (mildly dangerous; 1% risk of failure)
Confirm with . or Enter, or press ? or * to list all spells.
Casting: Starburst (mildly dangerous; 2% risk of failure)
Press: ? - help, Dir - look around, f - activate The bolt of fire hits the hellwing!!!
You kill the hellwing!
The bolt of fire hits the hellwing!!
The hellwing is severely wounded.
Magical energy flows into your mind!
The hellwing swoops through the air toward you!
The hellwing hits you but does no damage. x2
Casting: Starburst (mildly dangerous; 2% risk of failure)
Confirm with . or Enter, or press ? or * to list all spells.
Casting: Starburst (mildly dangerous; 2% risk of failure)
Press: ? - help, Dir - look around, f - activate The bolt of fire hits the hellwing!!!
You kill the hellwing!
There is a stone staircase leading up here.
You climb upwards.
There is a stone staircase leading down here.
Magic restored.
Aiming: Dig
Press: ? - help, Q - select action, (/) - cycle Shift-Dir - straight line You can't see that place. [a rock wall.]
The rock shatters into small pieces.
There is a stone staircase leading up here.
You climb upwards.
There is a stone staircase leading down here.
There is a stone staircase leading up here.
You climb upwards.
There is a stone staircase leading down here.
You see here a +0 dagger.
Ulric is recalled.
There is a staircase leading out of the dungeon here.
You have escaped!

#...####..................#
.....................)....#
###.######..##.###........####
......>...............##.....####
......###...###...###............
......#.............####.#######.
......#.............## #.# ##
....#....###...###...###.#
#####....#....).@#....#..#
.###.....#.....R.#....#..###
..#...#.............#......######
....#.#......#......#...........#
....#.#.............#....####....
.........#.......#.........####..
.........#>......#...[.......####
....#....###...###.............##
....#.#.............#..........##


You could see the friendly Ulric the knight (reflecting).

Vanquished Creatures
  Antaeus (Coc:7)
  the Royal Jelly (Slime:5)
  4 dread liches
  5 orbs of fire
  6 ancient liches
  A juggernaut (Depths:1)
  Vv (Zot:3)
  The ghost of Nestulecw the Fencer, a veteran BaIE of Cheibriados (Depths:2)
  3 Killer Klowns (Zot:5)
  Margery (Depths:3)
  The ghost of WeeknightWizard the Sorcerer, a veteran DEFE of Vehumet (Depths:1)
  Saint Roka (Vaults:4)
  19 shard shrikes
  2 caustic shrikes (Depths:4)
  Geryon (Hell)
  8 golden dragons
  the Enchantress (Depths:2)
  A profane servitor (Crypt:3)
  Nikola (Shoals:1)
  A doom hound (Crypt:1)
  A bone dragon (Crypt:3)
  10 tentacled monstrosities
  6 liches
  3 electric golems
  2 walking crystal tomes
  19 Ice Fiends
  Jorgrun (Shoals:3)
  5 quicksilver dragons
  21 Orb Guardians
  A deep elf blademaster (Elf:3)
  A deep elf master archer (Elf:3)
  10 titans
  A searing wretch (Depths:3)
  12 acid blobs
  4 death cobs
  7 sphinxes
  Polyphemus (Shoals:2)
  8 ancient champions
  Kirke (Lair:5)
  Frances (Shoals:1)
  11 shadow dragons
  2 tengu reavers
  3 nagarajas (Snake:4)
  3 thorn hunters (Depths:2)
  Donald (Shoals:1)
  11 storm dragons
  10 protean progenitors
  13 rockslimes
  4 revenants
  Aizul (Snake:3)
  3 draconian knights
  9 draconian monks
  11 azure jellies
  21 narguns
  2 draconian scorchers
  Roxanne (Shoals:1)
  8 frost giants
  8 draconian shifters
  2 imperial myrmidons (Desolation)
  6 fire giants
  10 deep elf sorcerers (Elf:3)
  The ghost of Xoschac the Brawler, a journeyman TrMo of Dithmenos (D:11)
  6 ghost moths
  A spectral caustic shrike (Crypt:1)
  A balrug (Depths:4)
  4 deep elf elementalists (Elf:3)
  8 vault wardens
  An iron dragon (Depths:1)
  5 ghouls
  5 reapers
  An orc warlord (Vaults:2)
  11 shard shrike simulacra
  3 curse skulls
  11 ironbound thunderhulks
  9 very ugly things
  2 spriggan defenders (Depths:2)
  2 formless jellyfish (Slime:3)
  10 ironbound preservers
  2 draconian stormcallers (Zot:1)
  21 quicksilver oozes
  A draconian annihilator (Zot:3)
  8 vampire knights
  9 stone giants
  11 green draconians
  19 black draconians
  9 deep elf demonologists
  10 deep elf death magi
  7 deep elf annihilators
  5 white draconians
  15 elemental wellsprings
  27 wendigos
  4 spark wasps
  5 war gargoyles
  A minotaur (Gauntlet)
  A halazid warlock (Desolation)
  6 purple draconians
  8 dire elephants
  5 red draconians
  6 yellow draconians
  A mummy priest (Crypt:3)
  4 crystal guardians
  11 eidola
  A spectral quicksilver dragon (Crypt:1)
  7 merfolk javelineers
  6 merfolk impalers
  11 jiangshi
  3 entropy weavers
  5 fire dragons
  A spriggan zombie (Crypt:3)
  14 ettins
  3 ragged hierophants (Desolation)
  5 deep elf high priests
  The ghost of luckylaki the Basher, a journeyman MiBe of Trog (D:10)
  9 yaktaur captains
  10 servants of whispers (Desolation)
  9 great orbs of eyes
  2 ogre magi (Orc:2)
  A quicksilver dragon skeleton (Crypt:2)
  4 salamander tyrants
  7 rakshasas
  27 vault guards
  A hell beast (Crypt:1)
  4 ice dragons
  8 ironbound frosthearts
  4 spriggan air magi
  16 juggernaut simulacra
  12 centaur warriors
  A jorogumo (Zot:1)
  A hydra (D:15)
  14 peacekeepers
  A fenstrider witch skeleton (Crypt:2)
  11 caustic shrike simulacra
  3 merfolk aquamancers (Shoals:4)
  9 two-headed ogres
  3 merfolk avatars (Shoals:3)
  3 satyrs
  2 anacondas (Snake:3)
  4 boulder beetles
  Erica (D:11)
  A catoblepas (Shoals:2)
  The ghost of Plazmod the Destroyer, a journeyman DECj of Vehumet (D:12)
  22 dancing weapons
  A sphinx skeleton (Crypt:2)
  5 deep troll earth magi
  6 deep troll shamans
  8 naga warriors
  4 tengu warriors
  4 spriggan berserkers
  A hell hog (Depths:1)
  11 death yaks
  A demonic crawler (Depths:1)
  3 occultists
  The ghost of jkubb29 the Merchant of Misery, a novice DsNe of Kikubaaqudgha (D:9)
  13 vampire magi
  13 naga sharpshooters
  A spectral dire elephant (Crypt:1)
  2 spriggans (Depths:2)
  An orc high priest (Vaults:4)
  3 shock serpents
  Sonja (D:13)
  14 hell knights
  18 deep elf knights
  4 soul eaters
  A titan skeleton (Vaults:3)
  3 sun demons
  10 salamander mystics
  20 skeletal warriors
  A skyshark (Shoals:2)
  4 shadow wraiths
  A spectral anaconda (Crypt:1)
  28 deep trolls
  5 goliath frogs
  A bog body (Crypt:3)
  11 sea snakes
  2 glowing orange brains
  An anaconda zombie (Crypt:3)
  3 mana vipers
  3 spriggan simulacra
  4 flayed ghosts
  7 arcanists
  A shadow demon (Depths:2)
  7 quicksilver dragon simulacra
  3 swamp dragons
  10 lindwurms
  A harpy (shapeshifter) (Depths:2)
  5 harpies
  8 deep elf archers
  A lindwurm (shapeshifter) (Vaults:5)
  17 ironbound convokers
  3 orc knights
  A tengu zombie (Vaults:3)
  A naga ritualist (Snake:4)
  8 necromancers
  9 phantasmal warriors
  A wolf spider zombie (D:13)
  2 fenstrider witch simulacra (Coc:1)
  22 deep elf pyromancers
  A wolf spider (Lair:5)
  9 shining eyes
  4 cyclopes
  10 manticores
  A stone giant zombie (Crypt:2)
  27 deep elf zephyrmancers
  13 orc sorcerers
  A frost giant zombie (Vaults:4)
  A fire giant zombie (Vaults:1)
  8 fauns
  18 salamanders
  46 ugly things
  2 tengu skeletons
  3 guardian serpents
  31 moths of wrath
  3 human skeletons (Vaults:3)
  14 elephants
  19 vault sentinels
  8 merfolk sirens
  Maurice (D:10)
  10 black mambas
  A torpor snail (Lair:5)
  A fire giant skeleton (Crypt:1)
  6 rust devils
  8 water nymphs
  8 smoke demons
  4 ice statues
  15 naga magi
  3 eyes of devastation
  6 centaur zombies
  An orange demon (D:11)
  2 storm dragon simulacra
  10 molten gargoyles
  An unseen horror zombie (Crypt:2)
  3 kobold demonologists
  5 titan simulacra
  2 gargoyles (Gauntlet)
  A centaur skeleton (Crypt:1)
  A purple draconian zombie (Crypt:3)
  An eye of devastation (shapeshifter) (Depths:1)
  An efreet (D:9)
  2 elf skeletons (Vaults:3)
  7 hellions
  6 cane toads
  A naga skeleton (Crypt:3)
  26 yaktaurs
  2 bunyip simulacra
  3 rime drakes
  5 komodo dragons
  10 freezing wraiths
  2 spectral nagas (Crypt:1)
  5 anaconda simulacra
  4 guardian mummies (Crypt:3)
  A golden dragon simulacrum (Coc:7)
  7 tormentors
  3 iron giant simulacra
  2 tengu conjurers
  4 trolls
  2 spectral harpies (Crypt:1)
  A catoblepas skeleton (Crypt:1)
  18 merfolk
  A shadow dragon simulacrum (Hell)
  A red devil (Hell)
  46 saltlings (Desolation)
  A wolf spider simulacrum (D:14)
  3 hornets
  2 hellwings (D:4)
  13 blink frogs
  8 wind drakes
  5 glass eyes
  The ghost of raguz the Destroyer, an amateur DsCj of Vehumet (D:5)
  76 slime creatures
  An iron dragon simulacrum (Coc:1)
  7 dream sheep
  A centaur simulacrum (Hell)
  9 snapping turtles
  An ettin zombie (Vaults:4)
  2 stone giant simulacra
  11 water elementals
  5 dire elephant simulacra
  10 air elementals (Shoals:4)
  Sigmund (D:3)
  3 shadows
  2 ettin skeletons
  2 ynoxinuls (D:9)
  5 hogs (Lair:5)
  69 yaks
  3 vampires
  4 wyverns
  4 basilisks
  18 humans (D:13)
  3 fire elementals
  2 ushabtiu (Crypt:3)
  10 wraiths
  12 golden eyes
  3 naga simulacra
  An alligator snapping turtle simulacrum (Coc:3)
  3 steam dragons
  3 wargs
  6 vampire mosquitoes
  5 redbacks (Vaults:5)
  A faun zombie (Crypt:3)
  16 harpy simulacra
  8 water moccasins
  33 nagas
  2 acid dragons
  A glowing shapeshifter skeleton (Vaults:4)
  A hydra simulacrum (Coc:2)
  19 orc warriors
  A cane toad skeleton (Crypt:2)
  8 ettin simulacra
  3 black bears
  A hornet zombie (D:13)
  A swamp drake (Lair:5)
  6 ogres
  3 ice beasts
  13 laughing skulls
  2 boggarts (Depths:1)
  4 wolves
  A dream sheep skeleton (Crypt:1)
  An elephant skeleton (Crypt:3)
  6 centaurs
  A lindwurm skeleton (Crypt:1)
  A hog skeleton (Crypt:3)
  10 kobold brigands
  2 phantoms (D:6)
  Blork the orc (D:4)
  10 bullfrogs
  3 necrophages
  3 earth elementals
  A gnoll sergeant (D:9)
  6 scorpions
  A water moccasin skeleton (D:5)
  7 killer bees
  A vampire bat (D:3)
  4 howler monkeys
  4 electric eels
  4 lava snakes (Snake:3)
  2 jellies (D:5)
  3 hounds
  A wyvern simulacrum (D:9)
  A human zombie (Crypt:2)
  15 orc priests
  A bullfrog skeleton (D:5)
  A boggart zombie (D:13)
  6 iguanas
  2 sleepcaps
  35 orc wizards
  A boggart skeleton (Crypt:1)
  An ogre skeleton (Crypt:1)
  8 mummies (Crypt:3)
  2 howler monkey skeletons (D:5)
  11 gnolls
  3 adders
  A swamp drake skeleton (Crypt:3)
  4 white imps
  10 ufetubi
  An adder skeleton (Crypt:1)
  2 ribbon worms
  5 dart slugs
  3 fire bats (D:3)
  75 orcs
  2 spectral bats (D:3)
  13 bats
  3 bat skeletons (D:3)
  A bat zombie (D:3)
  4 endoplasms
  3 giant cockroaches
  8 goblins
  7 hobgoblins
  5 jackals
  4 quokkas
  13 ball pythons
  A bat simulacrum (D:3)
  4 frilled lizards (D:1)
  18 kobolds
  An orc skeleton (Crypt:3)
  4 rats (D:1)
  3 aspiring fleshes
  16 fulminant prisms
  2 tentacles (Shoals:4)
2440 creatures vanquished.

Vanquished Creatures (collateral kills)
  A dread lich (Coc:7)
  An ancient lich (Zot:5)
  An orb of fire (Zot:1)
  2 shard shrikes
  A Killer Klown (Zot:5)
  2 caustic shrikes (Depths:4)
  A golden dragon (Zot:2)
  An electric golem (Depths:4)
  10 tentacled monstrosities
  An Ice Fiend (Coc:6)
  A lich (Vaults:3)
  5 Orb Guardians (Zot:5)
  3 sphinxes
  3 titans
  6 acid blobs
  6 death cobs
  2 quicksilver dragons
  2 ancient champions (Crypt:3)
  A kraken (Shoals:4)
  2 thorn hunters (Depths:2)
  4 shadow dragons
  4 storm dragons
  3 tengu reavers
  3 protean progenitors
  A rockslime (Slime:4)
  3 draconian monks
  2 nagarajas (Snake:4)
  A nargun (Coc:7)
  5 draconian knights
  4 fire giants
  2 frost giants
  2 draconian shifters
  7 vault wardens
  3 ghost moths
  An orc warlord (Vaults:4)
  A balrug (Depths:2)
  An iron dragon (Depths:1)
  A caustic shrike zombie (Crypt:3)
  6 ironbound preservers
  3 ghouls
  A curse skull (Crypt:3)
  A very ugly thing (Depths:3)
  A draconian stormcaller (Zot:2)
  7 stone giants
  5 elemental wellsprings
  A vampire knight (Depths:2)
  A quicksilver ooze (Slime:5)
  2 green draconians
  6 red draconians
  3 deep elf annihilators (Elf:3)
  3 deep elf death magi
  2 dire elephants
  4 purple draconians
  3 black draconians
  3 white draconians
  A blizzard demon (Depths:2)
  A wendigo (Coc:7)
  3 yellow draconians
  An eidolon (Crypt:3)
  A green death (Hell)
  6 ettins
  3 yaktaur captains
  A mummy priest (Crypt:3)
  A merfolk javelineer (Shoals:3)
  3 fire dragons
  5 ragged hierophants (Desolation)
  2 merfolk impalers (Shoals:4)
  2 great orbs of eyes
  A deep elf high priest (Elf:3)
  2 servants of whispers (Desolation)
  Josephine (D:11)
  4 vault guards
  A peacekeeper (Desolation)
  A hydra (D:14)
  An ice dragon (Zot:5)
  4 ironbound frosthearts
  A hell beast (Crypt:1)
  A jorogumo (Depths:4)
  A caustic shrike simulacrum (Coc:7)
  3 anacondas
  5 catoblepae
  3 centaur warriors
  A merfolk aquamancer (Shoals:4)
  4 dancing weapons
  A juggernaut simulacrum (Coc:7)
  6 two-headed ogres
  4 satyrs
  A tengu warrior (D:9)
  A death yak (Shoals:2)
  2 naga warriors
  A vampire mage (Crypt:1)
  2 deep troll shamans
  3 hell hogs
  A shock serpent (Snake:4)
  8 deep elf knights
  3 naga sharpshooters
  7 hell knights
  A spriggan (Depths:2)
  A sun demon (Depths:2)
  4 soul eaters
  Amaemon (D:11)
  3 iron trolls
  A skyshark (Shoals:1)
  6 skeletal warriors
  2 shadow wraiths
  2 goliath frogs
  An iron giant zombie (Crypt:2)
  A salamander mystic (Snake:3)
  A sea snake (Shoals:4)
  A spectral iron dragon (Crypt:1)
  2 arcanists (Vaults:1)
  3 deep elf archers
  A quicksilver dragon simulacrum (Coc:6)
  A swamp dragon (Zot:1)
  14 deep trolls
  A bog body (Crypt:1)
  An ironbound convoker (Vaults:3)
  A naga ritualist (Snake:4)
  3 phantasmal warriors
  2 necromancers
  A lindwurm (Vaults:2)
  3 orc knights
  8 deep elf zephyrmancers
  A harpy (Vaults:4)
  7 deep elf pyromancers
  A spectral ettin (Crypt:1)
  3 fauns
  A wolf spider (Lair:5)
  A manticore (shapeshifter) (Elf:3)
  9 ugly things
  4 manticores
  6 cyclopes
  3 moths of wrath
  7 elephants
  8 salamanders
  3 water nymphs
  3 merfolk sirens
  7 naga magi
  3 rust devils
  An ice statue (Coc:6)
  A fire giant skeleton (Vaults:3)
  5 vault sentinels
  An eye of devastation (shapeshifter) (Vaults:5)
  10 black mambas
  A guardian serpent (Desolation)
  2 cane toads (Lair:5)
  A gargoyle (Gauntlet)
  A smoke demon (Depths:1)
  A mana viper skeleton (Crypt:3)
  A centaur skeleton (Crypt:1)
  A yaktaur (shapeshifter) (Elf:2)
  A tormentor (Coc:3)
  4 freezing wraiths
  A yaktaur skeleton (Vaults:3)
  A rime drake (Lair:2)
  A bunyip simulacrum (Coc:1)
  A komodo dragon (Lair:4)
  8 yaktaurs
  An anaconda simulacrum (Crypt:3)
  An ice devil (Gauntlet)
  2 guardian mummies
  A spectral harpy (Crypt:1)
  A wolf spider simulacrum (D:15)
  6 wind drakes
  15 saltlings (Desolation)
  A hornet (Depths:2)
  7 merfolk
  A glass eye (Slime:4)
  Grinder (D:6)
  2 stone giant simulacra
  An iron dragon simulacrum (Coc:2)
  2 snapping turtles
  A spectral black mamba (Crypt:1)
  A tarantella zombie (Crypt:1)
  A centaur simulacrum (Crypt:1)
  3 air elementals
  20 slime creatures
  2 wraiths
  9 water elementals
  2 fire elementals (Elf:1)
  A dire elephant simulacrum (Crypt:1)
  13 yaks
  An ettin skeleton (Vaults:3)
  2 golden eyes
  2 steam dragons
  A hog (Lair:5)
  A warg (Orc:1)
  A basilisk (D:11)
  A harpy simulacrum (Coc:5)
  3 vampire mosquitoes
  2 elf skeletons (Vaults:3)
  2 acid dragons
  7 nagas
  An ogre zombie (Vaults:1)
  A glowing shapeshifter zombie (Crypt:2)
  A hydra simulacrum (Coc:7)
  2 water moccasins (Lair:1)
  4 orc warriors
  2 ettin simulacra
  A sky beast (D:7)
  A swamp drake (Lair:5)
  2 wolves (Lair:1)
  A laughing skull (Crypt:1)
  4 ogres
  3 centaurs
  3 kobold brigands
  4 bullfrogs
  A brain worm (shapeshifter) (D:9)
  2 necrophages
  4 killer bees
  A hound (D:6)
  5 orc priests
  6 orc wizards
  3 mummies (Crypt:3)
  3 gnolls (Bailey)
  A white imp (Gauntlet)
  A ribbon worm zombie (Crypt:1)
  2 ufetubi (D:9)
  An iguana skeleton (Crypt:3)
  28 orcs
  4 kobolds
  A butterfly (Lair:5)
643 creatures vanquished.

Vanquished Creatures (others)
  A death cob (Zot:4)
  A protean progenitor (Zot:1)
  A draconian shifter (Zot:5)
  A shard shrike simulacrum (Coc:4)
  3 yaktaur captains
  A caustic shrike simulacrum (Coc:7)
  A centaur warrior (Vaults:3)
  A satyr (Shoals:3)
  2 fauns (Shoals:3)
  4 yaktaurs
  2 iron giant simulacra
  2 anaconda simulacra
  A stone giant simulacrum (Coc:4)
  An air elemental (Shoals:4)
  A water elemental (Elf:1)
  A human (Lair:5)
  An orc warrior (Vaults:5)
  2 ettin simulacra
  A naga simulacrum (Coc:4)
  48 knights
  An ancestor (D:7)
  An orc (D:5)
  1386 fulminant prisms
  4 tentacles (Shoals:4)
1468 creatures vanquished.

Grand Total: 4551 creatures vanquished

Notes
Turn   | Place    | Note
-------+----------+-------------------------------------------
     0 | D:1      | RotoMola the Draconian Conjurer began the quest for the
                  | Orb.
     0 | D:1      | Reached XP level 1. HP: 14/14 MP: 3/3
   158 | D:1      | Reached XP level 2. HP: 20/20 MP: 3/5
   535 | D:1      | Found a faded altar of an unknown god.
   644 | D:1      | Reached XP level 3. HP: 26/26 MP: 2/7
   648 | D:1      | Learned a level 2 spell: Searing Ray
  1552 | D:3      | Reached XP level 4. HP: 33/33 MP: 4/8
  1615 | D:3      | Reached skill level 5 in Conjurations
  1886 | D:3      | Noticed Sigmund
  1911 | D:3      | Killed Sigmund
  1912 | D:3      | Reached XP level 5. HP: 38/38 MP: 4/11
  1912 | D:3      | Reached XP level 6. HP: 45/45 MP: 4/12
  2502 | D:4      | Reached skill level 5 in Spellcasting
  2631 | D:4      | Your scales start taking on a lurid green colour.
  2631 | D:4      | Reached XP level 7. HP: 40/50 MP: 1/14
  2631 | D:4      | Gained mutation: Your system is resistant to poisons.
                  | (rPois) [Green Draconian growth]
  2685 | D:4      | Reached skill level 1 in Alchemy
  2876 | D:4      | Found a transporter.
  2895 | D:4      | Found a transporter.
  2918 | D:4      | Found a hide-covered altar of Uskayaw.
  2934 | D:4      | Found a snail-covered altar of Cheibriados.
  3007 | D:4      | Found a staircase to the Ecumenical Temple.
  3026 | Temple   | Entered the Ecumenical Temple
  3055 | Temple   | Became a worshipper of Hepliaklqana the Forgotten
  3183 | D:4      | Noticed Blork the orc
  3192 | D:4      | Killed Blork the orc
  3299 | D:5      | Entered Level 5 of the Dungeon
  3299 | D:5      | Noticed raguz's ghost (amateur DsCj)
  3299 | D:5      | Found a transporter.
  3442 | D:5      | Reached skill level 5 in Alchemy
  3572 | D:5      | Found a transporter.
  3596 | D:5      | Reached XP level 8. HP: 47/57 MP: 4/15
  3686 | D:5      | Learned a level 4 spell: Fulminant Prism
  4117 | D:5      | Noticed an angel
  4118 | D:5      | Found a glowing silver altar of Zin.
  4466 | D:6      | Noticed Grinder
  4705 | D:6      | Reached skill level 10 in Alchemy
  4827 | D:6      | Identified the ring of Jopit {+Blink rN+ Will++}
  4956 | D:6      | Reached skill level 1 in Evocations
  5069 | D:6      | Reached XP level 9. HP: 62/62 MP: 6/16
  5176 | D:6      | Reached * piety under Hepliaklqana
  5332 | D:6      | Killed Grinder
  5709 | D:7      | Reached skill level 5 in Evocations
  5778 | D:7      | Found a flagged portal.
  5804 | D:7      | Found a glowing golden altar of the Shining One.
  5821 | Bailey   | Entered a bailey
  6218 | Bailey   | Acquired the scarf of Syndicalism {rC+ rF+, Harm rN+}
  6633 | D:7      | Reached ** piety under Hepliaklqana
  6634 | D:7      | Remembered your ancestor Ulric as a knight
  6978 | D:8      | Learned a level 3 spell: Mephitic Cloud
  6981 | D:8      | Learned a level 2 spell: Mercury Vapours
  7100 | D:8      | Found a sacrificial altar of Ru.
  7482 | D:9      | Noticed an orc sorcerer
  7485 | D:9      | Noticed an orc sorcerer
  7490 | D:9      | Killed an orc sorcerer
  7491 | D:9      | Reached XP level 10. HP: 62/62 MP: 7/18
  7491 | D:9      | Killed an orc sorcerer
  7498 | D:9      | Noticed a two-headed ogre
  7517 | D:9      | Killed a two-headed ogre
  7545 | D:9      | Noticed a sun demon
  7559 | D:9      | Noticed a cyclops
  7560 | D:9      | Noticed a cyclops
  7560 | D:9      | Noticed a green ugly thing
  7680 | D:9      | Noticed a two-headed ogre
  7688 | D:9      | Killed a two-headed ogre
  7719 | D:9      | Noticed a boulder beetle
  7861 | D:9      | Killed a boulder beetle
  8026 | D:9      | Noticed a two-headed ogre
  8029 | D:9      | Noticed a tengu warrior
  8034 | D:9      | Killed a two-headed ogre
  8056 | D:9      | Killed a tengu warrior
  8057 | D:9      | Reached XP level 11. HP: 66/66 MP: 3/23
  8661 | D:8      | Reached skill level 10 in Conjurations
  9138 | D:9      | Found a runed translucent gate.
  9138 | D:9      | Found a runed translucent gate.
  9139 | D:9      | Noticed a centaur warrior
  9140 | D:9      | Found a runed translucent gate.
  9140 | D:9      | Found an opulent altar of Gozag.
  9140 | D:9      | Found Vemeokh's Assorted Antiques.
  9141 | D:9      | Noticed jkubb29's ghost (novice DsNe)
  9197 | D:9      | Noticed a centaur warrior
  9205 | D:9      | Killed a centaur warrior
  9509 | D:9      | Killed a green ugly thing
  9518 | D:9      | Noticed an orc sorcerer
  9532 | D:9      | Killed an orc sorcerer
  9535 | D:9      | Noticed a two-headed ogre
  9544 | D:9      | Killed a two-headed ogre
  9545 | D:9      | Reached skill level 10 in Spellcasting
  9625 | D:9      | Learned a level 1 spell: Slow
  9709 | D:9      | Found an iron altar of Okawaru.
  9834 | D:9      | Killed a centaur warrior
  9843 | D:9      | Killed jkubb29's ghost
  9844 | D:9      | Reached XP level 12. HP: 72/72 MP: 6/26
  9864 | D:9      | Acquired the ring of the Komodo Dragon {EV+5 Str+9 SInv}
  9867 | D:9      | Acquired the Elucidation of Combat Magic
  9871 | D:9      | Learned a level 1 spell: Sting
  9875 | D:9      | Learned a level 3 spell: Stone Arrow
  9881 | D:9      | Learned a level 5 spell: Iskenderun's Battlesphere
 10011 | D:5      | Killed raguz's ghost
 10226 | D:10     | Entered Level 10 of the Dungeon
 10266 | D:10     | Found Jisyfap's General Store.
 10408 | D:10     | Noticed a death yak
 10413 | D:10     | Noticed a death yak
 10415 | D:10     | Noticed Maurice
 10418 | D:10     | Noticed a death yak
 10418 | D:10     | Noticed a death yak
 10424 | D:10     | Killed a death yak
 10641 | D:10     | Found a runed translucent door.
 10641 | D:10     | Noticed luckylaki's ghost (journeyman MiBe)
 10689 | D:10     | Killed a death yak
 10823 | D:10     | Reached *** piety under Hepliaklqana
 10856 | D:10     | Killed Maurice
 10861 | D:10     | Noticed a death yak
 10868 | D:10     | Killed a death yak
 10882 | D:10     | Found a stormy altar of Qazlal.
 10886 | D:10     | Noticed a death yak
 10923 | D:10     | Killed a death yak
 10991 | D:10     | Killed a death yak
 11052 | D:10     | Noticed a death yak
 11064 | D:10     | Killed a death yak
 11065 | D:10     | Noticed a tengu warrior
 11073 | D:10     | Killed a death yak
 11077 | D:10     | Killed a tengu warrior
 11085 | D:10     | Found a staircase to the Lair.
 11204 | D:10     | Found a staircase to the Orcish Mines.
 11268 | D:10     | Noticed a two-headed ogre
 11278 | D:10     | Killed a two-headed ogre
 11278 | D:10     | Noticed a two-headed ogre
 11283 | D:10     | Killed a two-headed ogre
 11318 | D:10     | Noticed a two-headed ogre
 11340 | D:10     | Killed a two-headed ogre
 11695 | Orc:1    | Entered Level 1 of the Orcish Mines
 11895 | Orc:2    | Entered Level 2 of the Orcish Mines
 11958 | Orc:2    | Found a staircase to the Elven Halls.
 12074 | Orc:2    | Found a dark tunnel.
 12084 | Volcano  | Entered a volcano
 12123 | Volcano  | Reached XP level 13. HP: 77/77 MP: 7/29
 12341 | Volcano  | Reached skill level 15 in Alchemy
 12864 | Volcano  | Noticed an orb of fire
 12909 | Volcano  | Noticed an orb of fire
 13702 | Orc:2    | Found a radiant altar of Vehumet.
 13717 | Orc:2    | Found Exkeinuxe's Antique Armour Shop.
 13909 | Orc:2    | Found an ancient bone altar of Kikubaaqudgha.
 13916 | Orc:2    | Found Weckeen's Antique Armour Boutique.
 13929 | Orc:2    | Found Visyaq's Magic Scroll Boutique.
 13929 | Orc:2    | Reached **** piety under Hepliaklqana
 13937 | Orc:2    | Bought a scroll of teleportation for 51 gold pieces
 13937 | Orc:2    | Bought a scroll of teleportation for 51 gold pieces
 13983 | Orc:2    | Found Huavi's Book Shop.
 14575 | Orc:2    | Bought a manual of Fighting for 1120 gold pieces
 14654 | Orc:1    | Reached skill level 3 in Fighting
 14795 | Lair:1   | Entered Level 1 of the Lair of Beasts
 14929 | Lair:1   | Reached skill level 4 in Fighting
 14934 | Lair:1   | Reached skill level 5 in Fighting
 15173 | Lair:1   | Reached skill level 6 in Fighting
 15181 | Lair:1   | Reached skill level 7 in Fighting
 15386 | Lair:1   | Reached skill level 8 in Fighting
 15423 | Lair:1   | Identified the +4 spear "Kaetyddegea" {freeze, rC+}
 15565 | Lair:2   | Reached skill level 9 in Fighting
 15747 | Lair:2   | Reached ***** piety under Hepliaklqana
 15789 | Lair:1   | Gained mutation: Your tail ends in a venomous barb. [Green
                  | Draconian growth]
 15789 | Lair:1   | Reached XP level 14. HP: 73/107 MP: 3/31
 15885 | Lair:1   | Learned a level 4 spell: Ignite Poison
 15890 | Lair:1   | Learned a level 4 spell: Sticky Flame
 15968 | Lair:2   | Reached skill level 10 in Fighting
 16348 | Lair:2   | Reached skill level 11 in Fighting
 16563 | Lair:2   | Found a staircase to the Shoals.
 16682 | Lair:2   | You fall into a shaft and drop 1 floor!
 16709 | Lair:3   | Found a gate leading to a gauntlet.
 16720 | Lair:3   | Reached skill level 12 in Fighting
 16822 | Gauntlet | Entered a Gauntlet
 16822 | Gauntlet | Found a transporter.
 16827 | Gauntlet | Found a transporter.
 16831 | Gauntlet | Found a transporter.
 16839 | Gauntlet | Found a transporter.
 16843 | Gauntlet | Found a transporter.
 16851 | Gauntlet | Found a transporter.
 16855 | Gauntlet | Found a transporter.
 16862 | Gauntlet | Noticed a reaper
 16864 | Gauntlet | Found a transporter.
 16867 | Gauntlet | Found a transporter.
 16874 | Gauntlet | Found a runed translucent door.
 16877 | Gauntlet | Found a transporter.
 16896 | Gauntlet | Found a transporter.
 16908 | Gauntlet | Found a transporter.
 16921 | Gauntlet | Found a transporter.
 16933 | Gauntlet | Found a transporter.
 17143 | Gauntlet | Reached skill level 13 in Fighting
 17301 | Gauntlet | Identified the ring "Ixyff" {rF+ AC+4 Str+3 Int+2}
 17350 | Gauntlet | Identified the +9 mace "Gram" {distort, rPois Will- Str+2
                  | Dex+3}
 17688 | Lair:3   | Reached skill level 14 in Fighting
 18085 | Lair:3   | Found a staircase to the Snake Pit.
 18682 | Lair:4   | Reached skill level 1 in Ice Magic
 18976 | Lair:4   | Learned a level 5 spell: Freezing Cloud
 19111 | Lair:4   | Found a staircase to the Slime Pits.
 19117 | Lair:4   | Found a viscous altar of Jiyva.
 19149 | Lair:4   | Reached skill level 5 in Ice Magic
 19454 | Lair:5   | Entered Level 5 of the Lair of Beasts
 19540 | Lair:5   | Reached ****** piety under Hepliaklqana
 20229 | Lair:5   | Reached XP level 15. HP: 123/124 MP: 11/32
 20412 | Lair:5   | Noticed Kirke
 20427 | Lair:5   | Killed Kirke
 20600 | Lair:5   | Reached skill level 15 in Fighting
 20734 | Lair:5   | Found the +3 pair of mountain boots {steadfast, rC+}
 20932 | Lair:5   | Learned a level 4 spell: Olgreb's Toxic Radiance
 21258 | Snake:1  | Entered Level 1 of the Snake Pit
 22120 | Snake:1  | Got Hermeneutics in Simple Steps
 22545 | Snake:2  | Found Ovidaahe's Distillery.
 22559 | Snake:2  | Found Zema's General Store.
 22559 | Snake:2  | Found Gyalolab's Assorted Antiques.
 23240 | Snake:2  | Identified the +1 hat of Absence {rPois}
 24549 | Snake:3  | Identified the serpent talisman "Qapugriq" {rElec rF+
                  | Will+}
 24549 | Snake:3  | Noticed Aizul
 24566 | Snake:3  | Killed Aizul
 24852 | Snake:3  | Reached XP level 16. HP: 134/134 MP: 1/33
 25676 | Snake:4  | Entered Level 4 of the Snake Pit
 26277 | Snake:4  | Reached skill level 15 in Conjurations
 26753 | Snake:4  | Identified the +0 cloak "Gowymes" {^Contam rElec rPois rF-}
 27504 | Snake:4  | Got a serpentine rune of Zot
 28045 | Elf:1    | Entered Level 1 of the Elven Halls
 28068 | Elf:1    | Found a radiant altar of Vehumet.
 28662 | Elf:1    | Reached skill level 16 in Fighting
 28762 | Elf:1    | Paralysed by an air elemental for 1 turns
 28959 | Elf:1    | Reached XP level 17. HP: 142/142 MP: 28/34
 29005 | Elf:1    | Found Ducsi's Book Emporium.
 29120 | Elf:1    | Found Jorufeh's Jewellery Shoppe.
 29121 | Elf:1    | Found Caonyuch's Book Shop.
 29121 | Elf:1    | Found Ziufef's Book Shop.
 29692 | Elf:1    | Identified the +0 arbalest of Spite {penet, rPois Will+
                  | Stlth+}
 30000 | Elf:1    | Bought a manual of Ranged Weapons for 1200 gold pieces
 30020 | Elf:1    | Reached skill level 1 in Ranged Weapons
 30171 | Elf:2    | Reached skill level 5 in Ranged Weapons
 30912 | Elf:2    | Paralysed by an air elemental for 1 turns
 31069 | Elf:2    | Reached skill level 10 in Ranged Weapons
 31126 | Elf:2    | Found a runed translucent gate.
 31127 | Elf:2    | Found a runed translucent gate.
 31127 | Elf:2    | Found a runed translucent gate.
 31941 | Elf:3    | Entered Level 3 of the Elven Halls
 32697 | Elf:3    | Identified the +4 plate armour of Habuqehi {rElec SInv}
 32704 | Elf:3    | Identified the +5 ring mail of the Scribe {*Slow Dex+2
                  | Stlth+}
 32911 | Elf:3    | Reached XP level 18. HP: 96/149 MP: 1/35
 33593 | Elf:3    | Identified the +9 flail of Fuotatat {drain, rElec rPois
                  | rN+}
 33593 | Elf:3    | Identified the +1 leather armour of Elitism {^Drain rF+
                  | Regen+}
 33869 | Elf:3    | Identified the ring "Kogiuxar" {Will- Str+6 Dex+3 Slay+6}
 33872 | Elf:3    | Identified the +2 robe of the Known World {rN+ Str+5 Int+4}
 33872 | Elf:3    | Identified the amulet "Hiusmem" {Spirit rN+ Stlth+}
 34152 | Elf:3    | Identified the staff of Diqaoh {rPois SInv Alchemy}
 34198 | Elf:3    | Identified the staff "Quotag" {rElec rN+ Str+3 Int+2 Air}
 34207 | Elf:3    | Identified the +3 scale mail of the Nightingale {Rampage
                  | rC+ rN++ Int-5}
 34396 | Elf:3    | Identified the +3 whip "Xefourog" {drain, rPois rCorr Int-4
                  | SInv}
 34720 | D:10     | Identified the +0 scale mail "Ivetekk" {Harm rCorr Dex+5
                  | Stlth-}
 34807 | D:10     | Killed luckylaki's ghost
 34878 | D:11     | Noticed Amaemon
 34884 | D:11     | Killed Amaemon
 34888 | D:11     | Noticed Josephine
 34894 | D:11     | Killed Josephine
 34968 | D:11     | Noticed Erica
 34971 | D:11     | Killed Erica
 35282 | D:11     | Found a runed translucent gate.
 35282 | D:11     | Found a runed translucent gate.
 35282 | D:11     | Found a runed translucent gate.
 35282 | D:11     | Noticed Xoschac's ghost (journeyman TrMo)
 35293 | D:11     | Killed Xoschac's ghost
 35294 | D:11     | Reached skill level 17 in Fighting
 35697 | D:12     | Noticed Plazmod's ghost (journeyman DECj)
 35794 | D:12     | Found a transporter.
 35800 | D:12     | Found a transporter.
 35816 | D:12     | Killed Plazmod's ghost
 35828 | D:12     | Identified the +0 ring mail "Atehu" {rPois rF- Dex+7}
 36875 | D:13     | Noticed Sonja
 36880 | D:13     | Killed Sonja
 37069 | D:13     | Found a gate to the Vaults.
 37297 | D:13     | Identified the +2 leather armour of the Distant Future
                  | {Rampage}
 37441 | D:14     | Reached XP level 19. HP: 159/159 MP: 26/37
 37669 | D:14     | Found a radiant altar of Vehumet.
 38367 | D:15     | Entered Level 15 of the Dungeon
 38550 | D:15     | Found a staircase to the Depths.
 39180 | Lair:2   | Learned a level 5 spell: Yara's Violent Unravelling
 39181 | Shoals:1 | Entered Level 1 of the Shoals
 39210 | Shoals:1 | Noticed Frances
 39218 | Shoals:1 | Killed Frances
 39359 | Shoals:1 | Noticed Nikola
 39364 | Shoals:1 | Noticed Donald
 39373 | Shoals:1 | Killed Donald
 39428 | Shoals:1 | Killed Nikola
 39925 | Shoals:1 | Noticed Roxanne
 40001 | Shoals:1 | Killed Roxanne
 40094 | Shoals:2 | Noticed Polyphemus
 40104 | Shoals:2 | Killed Polyphemus
 40522 | Shoals:2 | Reached skill level 15 in Spellcasting
 40791 | Shoals:2 | Reached skill level 18 in Fighting
 41021 | Shoals:3 | Noticed Jorgrun
 41026 | Shoals:3 | Killed Jorgrun
 41776 | Shoals:4 | Entered Level 4 of the Shoals
 41816 | Shoals:4 | Paralysed by an air elemental for 1 turns
 41990 | Shoals:4 | Paralysed by an air elemental for 1 turns
 42007 | Shoals:4 | Identified the +5 dire flail "Piewkiv" {speed, rC+ rN+
                  | SInv} (You took it off a merfolk on level 4 of the Shoals)
 42162 | Shoals:4 | Paralysed by an air elemental for 1 turns
 42215 | Shoals:4 | Reached skill level 10 in Evocations
 42327 | Shoals:4 | Paralysed by an air elemental for 1 turns
 42371 | Shoals:4 | Paralysed by an air elemental for 1 turns
 42375 | Shoals:4 | Paralysed by an air elemental for 1 turns
 42425 | Shoals:4 | Identified the +1 dagger of Pestilence {freeze, Str+3 SInv}
 42753 | Shoals:4 | Paralysed by an air elemental for 1 turns
 42921 | Shoals:4 | Paralysed by an air elemental for 1 turns
 42927 | Shoals:4 | Reached skill level 19 in Fighting
 43034 | Shoals:4 | Reached XP level 20. HP: 144/171 MP: 31/39
 43491 | Shoals:4 | Identified the ring of the Oily God {rPois Dex+3 Slay+4}
 43683 | Shoals:4 | Got a barnacled rune of Zot
 44116 | Vaults:1 | Entered Level 1 of the Vaults
 44283 | Vaults:1 | Found a crumbling gateway.
 44336 | Desolati | Entered the Desolation of Salt
 44626 | Desolati | Identified the ring "Bilearr" {^Contam rElec rPois rN+
                  | Int+6 Dex+4}
 44894 | Desolati | Reached skill level 20 in Fighting
 45051 | Desolati | Identified the +0 pair of gloves "Opuaseos" {rC+++ Int-5}
 45070 | Desolati | Got the Octavo of Effluvium and Kinetic Energy
 45076 | Desolati | Learned a level 4 spell: Petrify
 45390 | Desolati | Got Vehumet's Encyclopedia of Momentum
 45401 | Desolati | Learned a level 7 spell: Orb of Destruction
 45406 | Desolati | Identified the +6 orcbow "Cid Par" {flame, rElec rN+ Str-5
                  | SInv}
 45416 | Desolati | Identified the ring "Qejythokk" {Str+4 Dex+6 Slay+3 SInv}
 45421 | Desolati | Identified the ring "Jaamifoz" {rElec rF+ Str+3 Int+6}
 45643 | Desolati | Identified the +5 mace of the Poles {elec, rPois Str+3
                  | SInv}
 46310 | Vaults:1 | Found a portal to a secret trove of treasure.
 46343 | Vaults:1 | You paid a toll of 18 potions of curing to enter a treasure
                  | trove
 46344 | Trove    | Entered a treasure trove
 47179 | Vaults:1 | Reached XP level 21. HP: 181/181 MP: 16/40
 48208 | Vaults:2 | Identified the +0 pair of gloves of the Shore {Int+5}
 48846 | Vaults:2 | Identified the +8 rapier of the Hand {drain, +Blink rCorr
                  | Dex+2}
 48916 | Vaults:2 | Reached skill level 21 in Fighting
 50205 | Vaults:3 | Found a staircase to the Crypt.
 50824 | Vaults:4 | Found Odiotymm's Distillery.
 51475 | Vaults:4 | Reached XP level 22. HP: 191/191 MP: 25/42
 51512 | Vaults:4 | Noticed Saint Roka
 51518 | Vaults:4 | Killed Saint Roka
 52292 | Vaults:5 | Entered Level 5 of the Vaults
 52324 | Vaults:5 | Reached skill level 15 in Evocations
 52365 | Vaults:5 | Reached skill level 22 in Fighting
 52373 | Vaults:5 | Identified the +9 arbalest of Slow Death {freeze, Str+4}
 52746 | Vaults:5 | Identified the ring of Vyosiq {rPois rC- MP+9 Int-2 Slay+4}
 53108 | Vaults:5 | Reached XP level 23. HP: 75/200 MP: 21/44
 53568 | Vaults:5 | Identified the ring "Kothrac" {rN+ Int+2 Dex+3 Slay+4}
 54060 | Vaults:5 | Got the Essays on Bruises
 54078 | Vaults:5 | Got a silver rune of Zot
 54111 | Vaults:5 | Identified the +1 spear of Wikk {drain, Will+++ Str+2
                  | Int-3}
 54408 | Vaults:5 | Identified the staff of the Chickpea {^Fragile Fly rPois
                  | rN+ Str+2 Dex+4 Necro}
 56241 | Crypt:1  | Entered Level 1 of the Crypt
 56742 | Crypt:1  | Noticed Sinef's ghost (master OpSh)
 57156 | Crypt:1  | Reached skill level 15 in Ranged Weapons
 57357 | Crypt:1  | Found a runed translucent door.
 57435 | Crypt:1  | Found a basalt altar of Yredelemnul.
 57821 | Crypt:2  | Reached skill level 23 in Fighting
 57891 | Crypt:2  | Identified the +2 flail "Jiliacvu" {distort, rPois rN+
                  | Dex+4}
 58276 | Crypt:2  | Found a runed translucent door.
 58277 | Crypt:2  | Noticed a dread lich
 58636 | Crypt:1  | Found an ancient bone altar of Kikubaaqudgha.
 58689 | Crypt:3  | Entered Level 3 of the Crypt
 59270 | Crypt:3  | Reached XP level 24. HP: 177/212 MP: 32/44
 59645 | Crypt:3  | Identified the ring of Pukagoish {Will+ MP+9 Str+2 Int+4
                  | Dex-5}
 59858 | Crypt:3  | Found a staircase to the Tomb.
 59921 | Crypt:3  | Found an ancient bone altar of Kikubaaqudgha.
 59931 | Crypt:3  | Found a basalt altar of Yredelemnul.
 59946 | Crypt:3  | Identified the staff "Pofiesh" {rElec rN+ Conj Necro}
 60057 | Crypt:3  | Upgraded the game from 0.31.0-12-g77e489cdc1 to
                  | 0.31.0-32-g396128a36d
 60065 | Crypt:3  | Learned a level 6 spell: Starburst
 60068 | Crypt:3  | Learned a level 2 spell: Blink
 60072 | Crypt:3  | Learned a level 3 spell: Teleport Other
 60077 | Crypt:3  | Learned a level 3 spell: Dazzling Flash
 60391 | Slime:1  | Entered Level 1 of the Pits of Slime
 60437 | Slime:1  | Reached skill level 1 in Fire Magic
 61378 | Slime:1  | Reached skill level 24 in Fighting
 62008 | Slime:4  | Reached skill level 5 in Fire Magic
 62039 | Slime:4  | Gained mutation: Your magical capacity is low. (-10% MP) [a
                  | shining eye]
 62487 | Slime:5  | Entered Level 5 of the Pits of Slime
 62487 | Slime:5  | Found the +11 plutonium sword {^Contam Stlth-}
 62522 | Slime:5  | Noticed the Royal Jelly
 62581 | Slime:5  | Gained mutation: Your magical capacity is very low. (-20%
                  | MP) [a shining eye]
 63145 | Slime:5  | Found a viscous altar of Jiyva.
 63473 | Slime:5  | Killed the Royal Jelly
 63594 | Slime:5  | Gained mutation: You occasionally lose the ability to drink
                  | potions when taking damage. [a shining eye]
 63596 | Slime:5  | Gained mutation: Your magical capacity is extremely low.
                  | (-30% MP) [a shining eye]
 64256 | Slime:5  | Identified the ring "Xaptuaga" {^Contam rF+ rCorr Str+7
                  | Dex+3}
 64287 | Slime:5  | Identified the +2 battleaxe of Xigg {drain, Fly rElec
                  | rPois}
 64293 | Slime:5  | Identified the ring of the Mantidfly {Ice rElec rPois Int-5
                  | Dex+4}
 64311 | Slime:5  | Got a slimy rune of Zot
 64351 | Slime:5  | Identified the +5 ring mail "Wotri" {*Slow rPois rF++
                  | Regen+}
 64489 | Snake:2  | Bought a potion of mutation for 128 gold pieces
 64761 | Vaults:4 | Bought a potion of mutation for 112 gold pieces
 64761 | Vaults:4 | Bought a potion of mutation for 112 gold pieces
 64794 | Vaults:5 | Lost mutation: Your magical capacity is extremely low.
                  | (-30% MP) [potion of mutation]
 64794 | Vaults:5 | Lost mutation: You occasionally lose the ability to drink
                  | potions when taking damage. [potion of mutation]
 64794 | Vaults:5 | Gained mutation: Your body sometimes deteriorates upon
                  | taking damage. [potion of mutation]
 64794 | Vaults:5 | Gained mutation: You have large cloven feet. [potion of
                  | mutation]
 64795 | Vaults:5 | Lost mutation: Your body sometimes deteriorates upon taking
                  | damage. [potion of mutation]
 64795 | Vaults:5 | Lost mutation: You have large cloven feet. [potion of
                  | mutation]
 64795 | Vaults:5 | Gained mutation: You expend magic power (3 MP) to
                  | strengthen your wands. [potion of mutation]
 64795 | Vaults:5 | Gained mutation: You have sharp toenails. [potion of
                  | mutation]
 64795 | Vaults:5 | Gained mutation: You are resistant to electric shocks.
                  | (rElec) [potion of mutation]
 64796 | Vaults:5 | Lost mutation: You expend magic power (3 MP) to strengthen
                  | your wands. [potion of mutation]
 64796 | Vaults:5 | Lost mutation: You are resistant to electric shocks.
                  | (rElec) [potion of mutation]
 64796 | Vaults:5 | Gained mutation: You are robust. (+10% HP) [potion of
                  | mutation]
 64797 | Vaults:5 | Lost mutation: Your magical capacity is very low. (-20% MP)
                  | [potion of mutation]
 64797 | Vaults:5 | Lost mutation: You have sharp toenails. [potion of
                  | mutation]
 64797 | Vaults:5 | Lost mutation: Your magical capacity is low. (-10% MP)
                  | [potion of mutation]
 64797 | Vaults:5 | Lost mutation: You are robust. (+10% HP) [potion of
                  | mutation]
 64797 | Vaults:5 | Gained mutation: You sometimes lose your temper in combat.
                  | [potion of mutation]
 64797 | Vaults:5 | Lost mutation: You sometimes lose your temper in combat.
                  | [potion of mutation]
 64797 | Vaults:5 | Gained mutation: Your tail ends in a sharp venomous barb.
                  | [potion of mutation]
 65465 | Depths:1 | Entered Level 1 of the Depths
 66012 | Depths:1 | Identified the +4 scale mail of Quahus {rC+ Dex+3}
 66163 | Depths:1 | Reached skill level 25 in Fighting
 66265 | Depths:1 | Found a runed translucent gate.
 66265 | Depths:1 | Noticed WeeknightWizard's ghost (veteran DEFE)
 66266 | Depths:1 | Found a runed translucent gate.
 66313 | Depths:1 | Found a runed translucent gate.
 66335 | Depths:1 | Noticed a juggernaut
 66340 | Depths:1 | Found a gateway to Hell.
 66360 | Depths:1 | Killed a juggernaut
 66623 | Depths:1 | Got the Discursus on Algor and the Caves
 66891 | Depths:1 | Reached XP level 25. HP: 212/225 MP: 37/44
 66904 | Depths:1 | Killed WeeknightWizard's ghost
 67011 | Depths:1 | Identified the +0 hat of Divine Compulsion {rElec rC+ Dex-3
                  | SInv}
 67150 | Depths:2 | Reached skill level 10 in Fire Magic
 67282 | Depths:2 | Reached skill level 1 in Translocations
 67507 | Depths:2 | Found a runed translucent door.
 67519 | Depths:2 | Noticed Nestulecw's ghost (veteran BaIE)
 67718 | Depths:2 | Gained mutation: You occasionally lose the ability to drink
                  | potions when taking damage. [mutagenic glow]
 67882 | Depths:2 | Found the +18 shield of the Gong {Loud rN+ Will+ rCorr
                  | EV-5}
 67930 | Depths:2 | Found a one-way gate leading to the halls of Pandemonium.
 68112 | Depths:2 | Found a runed translucent door.
 68180 | Depths:2 | Noticed a dread lich
 68191 | Depths:2 | Killed a dread lich
 68216 | Depths:2 | Killed Nestulecw's ghost
 68329 | Depths:2 | Found a radiant altar of Vehumet.
 68329 | Depths:2 | Noticed the Enchantress
 68352 | Depths:2 | Killed the Enchantress
 68373 | Depths:2 | Identified the +5 rapier of Baexoll {elec, +Blink Dex+3}
 68437 | Depths:3 | Found a one-way gate to the infinite horrors of the Abyss.
 68456 | Depths:3 | Noticed Margery
 68461 | Depths:3 | Reached skill level 26 in Fighting
 68461 | Depths:3 | Reached skill level 5 in Translocations
 68463 | Depths:3 | Killed Margery
 68609 | Depths:3 | Found a one-way gateway to a ziggurat.
 69088 | Depths:3 | Found Gamyramo's Jewellery Emporium.
 70174 | Depths:4 | Entered Level 4 of the Depths
 70767 | Depths:4 | Found Kynizo's Assorted Antiques.
 70772 | Depths:4 | Found Xaecaolo's Magic Scroll Boutique.
 70913 | Depths:4 | Found a gate to the Realm of Zot.
 71702 | Hell     | Entered the Vestibule of Hell
 71702 | Hell     | Noticed Geryon
 72312 | Depths:1 | Reached XP level 26. HP: 183/237 MP: 30/44
 73437 | Depths:1 | Reached XP level 27. HP: 179/243 MP: 32/44
 74273 | Hell     | Reached skill level 10 in Ice Magic
 74284 | Hell     | Killed Geryon
 74460 | Hell     | Learned a level 4 spell: Passage of Golubria
 74564 | Hell     | Found a gateway to the freezing wastes of Cocytus.
 74652 | Hell     | Found a gateway to the ashen valley of Gehenna.
 74762 | Hell     | Found a gateway to the Iron City of Dis.
 74801 | Hell     | Found a gateway to the decaying netherworld of Tartarus.
 74855 | Coc:1    | Entered Level 1 of Cocytus
 75105 | Coc:2    | Reached skill level 27 in Fighting
 77330 | Coc:5    | Paralysed by a wendigo for 1 turns
 78680 | Coc:6    | Reached skill level 15 in Fire Magic
 79509 | Coc:7    | Entered Level 7 of Cocytus
 80231 | Coc:7    | Noticed an ancient lich
 80254 | Coc:7    | Killed an ancient lich
 81228 | Coc:7    | Noticed a dread lich
 81232 | Coc:7    | Killed a dread lich
 81283 | Coc:7    | Paralysed by a wendigo for 1 turns
 83128 | Coc:7    | Noticed Antaeus
 83247 | Coc:7    | Killed Antaeus
 83280 | Coc:7    | Got an icy rune of Zot
 83932 | Zot:1    | Entered Level 1 of the Realm of Zot
 84403 | Zot:1    | Reached skill level 5 in Dodging
 84956 | Zot:1    | Found a stormy altar of Qazlal.
 85414 | Zot:1    | Noticed an orb of fire
 85422 | Zot:1    | Killed an orb of fire
 85813 | Zot:1    | Reached skill level 10 in Dodging
 86097 | Zot:1    | Identified the ring "Niyhowar" {Wiz rPois rCorr Int+3}
 86098 | Zot:1    | Noticed an orb of fire
 86155 | Zot:1    | Killed an orb of fire
 86730 | Zot:2    | Identified the +2 pair of gloves of the Moon {+Inv rElec}
 88051 | Zot:2    | Noticed an orb of fire
 88063 | Zot:2    | Killed an orb of fire
 88960 | Zot:3    | Noticed Vv
 89034 | Zot:4    | Noticed an orb of fire
 89037 | Zot:4    | Killed an orb of fire
 89622 | Zot:3    | Reached skill level 15 in Dodging
 89729 | Zot:3    | Killed Vv
 91040 | Zot:5    | Entered Level 5 of the Realm of Zot
 91536 | Zot:5    | Noticed an orb of fire
 91539 | Zot:5    | Noticed an ancient lich
 91546 | Zot:5    | Killed an orb of fire
 91546 | Zot:5    | Noticed an ancient lich
 91559 | Zot:5    | Noticed an orb of fire
 91567 | Zot:5    | Gained mutation: Potions are less effective at restoring
                  | your health. [an orb of fire]
 91568 | Zot:5    | Gained mutation: You occasionally shout uncontrollably at
                  | your foes. [an orb of fire]
 91578 | Zot:5    | Killed an ancient lich
 91584 | Zot:5    | Killed an orb of fire
 91594 | Zot:4    | Lost mutation: You occasionally lose the ability to drink
                  | potions when taking damage. [potion of mutation]
 91594 | Zot:4    | Lost mutation: Potions are less effective at restoring your
                  | health. [potion of mutation]
 91594 | Zot:4    | Lost mutation: Your tail ends in a sharp venomous barb.
                  | [potion of mutation]
 91594 | Zot:4    | Gained mutation: You have hidden genetic potential. [potion
                  | of mutation]
 91594 | Zot:4    | Gained mutation: Potions are less effective at restoring
                  | your health. [potion of mutation]
 91594 | Zot:4    | Gained mutation: Your magical capacity is low. (-10% MP)
                  | [potion of mutation]
 91595 | Zot:4    | Lost mutation: Potions are less effective at restoring your
                  | health. [potion of mutation]
 91595 | Zot:4    | Lost mutation: You occasionally shout uncontrollably at
                  | your foes. [potion of mutation]
 91595 | Zot:4    | Lost mutation: Your magical capacity is low. (-10% MP)
                  | [potion of mutation]
 91595 | Zot:4    | Gained mutation: You have a pair of small horns on your
                  | head. [potion of mutation]
 91595 | Zot:4    | Gained mutation: You have a pair of horns on your head.
                  | [potion of mutation]
 91595 | Zot:4    | Gained mutation: Your spells are a little harder to cast,
                  | but a little more powerful. [potion of mutation]
 91737 | Zot:5    | Noticed a dread lich
 91742 | Zot:5    | Killed a dread lich
 91866 | Zot:5    | Noticed a dread lich
 91873 | Zot:5    | Killed a dread lich
 91873 | Zot:5    | Noticed an ancient lich
 91878 | Zot:5    | Killed an ancient lich
 91883 | Zot:5    | Noticed an ancient lich
 91897 | Zot:5    | Killed an ancient lich
 92180 | Zot:5    | Noticed an ancient lich
 92181 | Zot:5    | Killed an ancient lich
 92183 | Zot:5    | Noticed an ancient lich
 92188 | Zot:5    | Killed an ancient lich
 92252 | Zot:5    | Noticed a dread lich
 92688 | Zot:5    | Killed an ancient lich
 92771 | Zot:5    | Killed a dread lich
 93542 | Zot:5    | Got the Orb of Zot
 93795 | D:14     | Noticed Mupeebip the pandemonium lord
 94025 | D:$      | Escaped with the Orb!

Illustrated notes

Levels and vault maps discovered:
D:1:      minmay_arrival_open_corners, layout_rooms,
          shapermc_ecumenical_altar_mp_vishouse, minmay_misc_feat_x
D:2:      layout_loops_ring
D:3:      layout_basic, goddamned_bats, uniq_sigmund
D:4:      gammafunk_steamed_eel, layout_rooms, overflow_temple_1_default,
          lemuel_crystal_altar, minmay_temple_entry_poolview, uniq_blork_the_orc
D:5:      layout_rooms, zin_angel, gammafunk_ghost_mausoleum
D:6:      layout_basic, serial_glass, glass_columns_a, glass_columns_a,
          minmay_strange_pillars, uniq_grinder
D:7:      layout_basic, mainiacjoe_overflow_concentric_impassable,
          enter_bailey_5
D:8:      layout_rooms, nicolae_overflow_crystal_walls
D:9:      minmay_the_grid_4x2 [minmay_the_grid_diamond_grid,
          minmay_the_grid_outer_diamond, minmay_the_grid_spin_star,
          minmay_the_grid_tri_star, minmay_the_grid_large_cup,
          minmay_the_grid_expand, minmay_the_grid_eight,
          minmay_the_grid_prize_inner_circle], layout_long_grid,
          okawaru_ov_weapons_minmay, ebering_ghost_gozag, nicolae_fort_ynox
D:10:     minmay_octagon_keep, layout_basic, mainiacjoe_overflow_alcove_4,
          dpeg_lair_monsters, hiddenorc1_lemuel, serial_shops,
          nicolae_inconvenience_store, ebering_ghost_inner_flame,
          evilmike_minifort, uniq_maurice
D:11:     layout_cave_pools, gammafunk_ghost_spectres, dk_vineyard_2,
          uniq_josephine, uniq_erica, uniq_amaemon
D:12:     layout_irregular_city, gammafunk_ghost_smash
D:13:     layout_long_grid, grunt_vaults_entry_tiered, serial_undead,
          serial_undead_a, serial_undead_c, serial_undead_b, serial_undead_a,
          uniq_sonja
D:14:     layout_layer_cave, vehumet_crystals
D:15:     grunt_enter_depths_giant_problem, layout_rooms, interstate_on_off
Temple:   hellmonk_temple_of_storms
Lair:1:   layout_chaotic_city, serial_bayou_shore_a
Lair:2:   layout_chaotic_city, minmay_shoals_entry_centaurs,
          serial_bayou_shore_b
Lair:3:   layout_regular_city, minmay_snake_entry_guardpost_medium,
          gauntlet_entry_generic, serial_bayou_crossing
Lair:4:   layout_loops_ring, minmay_slime_entry_eyes, minmay_hedge_maze,
          serial_bayou_shore_b, lemuel_fruit_tree
Lair:5:   guppyfry_lair_end_dragon, layout_regular_city,
          hangedman_lair_in_review, lemuel_fruit_fields, uniq_kirke
Shoals:1: layout_shoals, uniq_roxanne, uniq_frances, uniq_nikola, uniq_donald
Shoals:2: layout_shoals, uniq_polyphemus
Shoals:3: layout_shoals, uniq_jorgrun
Shoals:4: shoals_end_hellmonk_storm_palace [storm_palace_center_circular,
          storm_palace_corner_narrow, storm_palace_corner_reverse_hut,
          storm_palace_corner_blocked, storm_palace_corner_pillars],
          serial_shops
Snake:1:  layout_honeycomb, hangedman_snake_thin_pillar_pass
Snake:2:  layout_honeycomb, grunt_ministairs_13, nicolae_snake_serpentine_bazaar
Snake:3:  layout_basic, grunt_megastairs_4, uniq_aizul
Snake:4:  snake_pit, layout_gridlike, grunt_megastairs_5
Slime:1:  layout_caves, nicolae_slime_getting_an_eyeful
Slime:2:  layout_caves, nicolae_slime_barrier,
          cheibrodos_slime_lost_civilization_6
Slime:3:  layout_caves
Slime:4:  layout_caves
Slime:5:  slime_pit_nicolae_jellycorners
Orc:1:    minmay_goldmine, layout_diamond_mine
Orc:2:    kennysheep_orc_mage_school, layout_caves,
          lightli_volcano_entry_magma_tube
Elf:1:    eino_elf_arrival_altar, layout_loops_corners, serial_shops, shop,
          kennysheep_underground_church, minmay_shop_grove
Elf:2:    nicolae_elf_blades_crystal_corner, layout_geoelf_octagon
Elf:3:    minmay_elf_hall_four_x, layout_gridlike, hangedman_elf_targeted_burst,
          elves_outpost_lemuel, grunt_megastairs_1
Vaults:1: portal_desolation_entry_ruin, vaults_mumra_minichess,
          nicolae_vaults_network_quincunx
          [nicolae_vaults_network_quincunx_subvault,
          nicolae_vaults_network_quincunx_subvault,
          nicolae_vaults_network_quincunx_subvault,
          nicolae_vaults_network_quincunx_subvault,
          nicolae_vaults_network_quincunx_subvault], ontoclasm_vaults_eye,
          nicolae_vaults_arrows, hangedman_vaults_corner,
          dpeg_vaults_monster_box, nicolae_vaults_house_2, vaults_room_hallway,
          layout_vaults_maze_bifur, nicolae_trove_entry_path_of_doom
Vaults:2: dpeg_vaults_hating_casters, nicolae_vaults_trapezoid_lopsided_2,
          v_alt_pattern_1, nicolae_vaults_double_plus_1,
          nicolae_vaults_yaktaur_gun_rack, v_misc_18, vaults_dpeg_diagonal,
          ontoclasm_vaults_ring_square, nicolae_vaults_apartment_2,
          hangedman_vaults_slice, layout_vaults_quadrants
Vaults:3: minmay_crypt_entry_skeletal_spiral, grunt_vaults_trifunnel,
          nicolae_vaults_surprise_closet_hard, v_alt_pattern_1,
          nicolae_vaults_ninety_degrees, v_misc_28,
          nicolae_vaults_sesquioval_fish, nicolae_vaults_mini_display_case,
          nicolae_vaults_tetromino_Z_2, nicolae_vaults_offset_grid_hallway_3,
          hangedman_vaults_trim, layout_vaults_omnibox
Vaults:4: nicolae_vaults_specimen_jars, v_rooms_1, hangedman_vaults_nails,
          nicolae_vaults_six-pack, nicolae_vaults_more_shelving_1,
          grunt_vaults_focal, nicolae_vaults_frosty_reception,
          nicolae_vaults_diamond_1, vaults_standard_mumra_lines,
          ontoclasm_vaults_ligature, nicolae_vaults_crenellated_ambush,
          ontoclasm_vaults_gateway, nicolae_vaults_double_plus_1,
          nicolae_vaults_tetromino_L_2, ontoclasm_vaults_loading_screen,
          nicolae_vaults_house_2, vaults_mumra_lcd, layout_vaults_omnicross,
          serial_shops, shop, uniq_saint_roka
Vaults:5: serial_shops
Crypt:1:  lemuel_vampire_tower, layout_chaotic_city,
          hellmonk_ghost_happy_afterlife, nicolae_crypt_deepening_niches,
          grunt_crypt_arrival_webbed, lemuel_upstairs_altar
Crypt:2:  cheibrodos_crypt_cold_storage, layout_catacombs
Crypt:3:  lightli_unholy_cathedral, layout_chaotic_city,
          nicolae_tomb_entry_unfolded_pyramid_diagonal
Depths:1: minmay_dotted_concentric_squares, layout_basic,
          gammafunk_ghost_tricky_traps, nicolae_twisty_statue_hallways,
          hell_entry, minmay_misc_feat_roman, minmay_evil_grid,
          serial_bayou_shore_b, firewood_loft
Depths:2: grunt_forest_end_shrine, layout_cross, hellmouth_1,
          rand_demon_pan_entry_9, muffindrake_ghost_dual_entry,
          kennysheep_path_1, st_stairs_7, minmay_staircase_windowed_small
Depths:3: minmay_inner_zag, layout_basic, enter_ziggurat_b,
          minmay_misc_feat_rows, grunt_hell_entry_dis_mu, serial_shops,
          nicolae_shop_gaudy_bauble, abyss_entry,
          minmay_staircase_windowed_large, uniq_margery
Depths:4: grunt_zot_entry_funnels, layout_cave_pools, serial_shops,
          nicolae_shop_tiny_waterfront, nicolae_shop_peninsula,
          hangedman_decor_peaks_small, lightli_too_deep, nicolae_letterblocks
          [nicolae_letter_subblock, nicolae_letter_subblock,
          nicolae_letter_subblock, nicolae_letter_subblock,
          nicolae_letter_subblock, nicolae_letter_subblock,
          nicolae_letter_subblock, nicolae_letter_subblock,
          nicolae_letter_subblock, nicolae_letter_subblock,
          nicolae_letter_subblock, nicolae_letter_subblock,
          nicolae_letter_subblock, nicolae_letter_subblock,
          nicolae_letter_subblock, nicolae_letter_subblock,
          nicolae_letter_subblock, nicolae_letter_subblock,
          nicolae_letter_subblock, nicolae_letter_subblock,
          nicolae_letter_subblock, nicolae_letter_subblock,
          nicolae_letter_subblock, nicolae_letter_subblock,
          nicolae_letter_subblock]
Hell
Coc:1:    layout_cocytus_water_paths
Coc:2:    layout_ice_bergs
Coc:3:    layout_cocytus_delve
Coc:4:    layout_cocytus_delve
Coc:5:    layout_ice_bergs
Coc:6:    nicolae_coc_city_of_iceburg
Coc:7:    coc_grunt
Zot:1:    kennysheep_oblong_rooms, layout_basic, regret_index_zotdec_storm_pass,
          regret_index_zotdec_obsidian_hm, grunt_ministairs_1
Zot:2:    layout_cathedral_of_symmetry
Zot:3:    layout_gridlike, uniq_vv
Zot:4:    layout_gridville, regret_index_zotdec_zees,
          regret_index_zotdec_banners
Zot:5:    layout_concentric_octagons

Skill      XL: |  1  2  3  4  5  6  7  8  9 10 11 12 13 14 15 16 17 18 19 20 21 22 23 24 25 26 27 |
---------------+----------------------------------------------------------------------------------+-----
Spellcasting   | 3 4 5 8 10 12 13 14 15 16 17 19 | 19.5
Conjurations   | 5 6 7 9 10 11 12 14 16 17 18 19 21 | 21.5
Alchemy        | 6 10 12 14 15 18 19 20 21 | 21.5
Evocations     | 2 8 10 13 14 15 | 15.8
Fighting       | 9 14 15 16 17 19 20 21 22 23 25 26 27 | 27.0
Ice Magic      | 8 9 14 | 14.9
Ranged Weapons | 13 14 16 17 | 17.0
Fire Magic     | 9 12 16 | 16.9
Translocations | 8 |  8.1
Dodging        | 20 | 20.7
Stealth        | |  1.7

Action                     |  1- 3 |  4- 6 |  7- 9 | 10-12 | 13-15 | 16-18 | 19-21 | 22-24 | 25-27 || total
---------------------------+-------+-------+-------+-------+-------+-------+-------+-------+-------++-------
  Melee: Spear             |    19 |     6 |     1 |       |       |       |       |       |       ||    26
         Tailslap          |     3 |       |       |     2 |     9 |    12 |    21 |    14 |     9 ||    70
         Halberd           |       |       |     9 |    64 |       |       |       |       |       ||    73
         Staff             |       |       |       |     1 |    47 |    68 |    81 |    40 |    19 ||   256
         Punch             |       |       |       |       |       |     1 |       |       |       ||     1
   Fire: Arbalest          |       |       |       |       |       |    40 |       |       |       ||    40
         Hand cannon       |       |       |       |       |       |       |       |   127 |   461 ||   588
  Throw: Dart              |       |       |     3 |     7 |       |       |       |    10 |       ||    20
   Cast: Magic Dart        |    77 |    46 |    38 |    29 |    75 |     4 |    35 |     1 |       ||   305
         Searing Ray       |     3 |    13 |    88 |     7 |       |     1 |       |       |       ||   112
         Fulminant Prism   |       |       |    21 |    83 |   161 |   268 |   495 |   256 |   121 ||  1405
         Mephitic Cloud    |       |       |       |    52 |    79 |    63 |     6 |     5 |     2 ||   207
         Mercury Vapours   |       |       |       |    14 |    22 |     2 |       |       |       ||    38
         Slow              |       |       |       |     2 |     2 |     2 |       |     1 |       ||     7
         Sting             |       |       |       |    17 |   145 |   138 |   164 |    39 |    37 ||   540
         Iskenderun's Batt |       |       |       |     9 |    28 |     2 |     7 |       |       ||    46
         Stone Arrow       |       |       |       |     4 |    33 |    42 |    25 |    58 |     9 ||   171
         Freezing Cloud    |       |       |       |       |    35 |    59 |    24 |    17 |    88 ||   223
         Ignite Poison     |       |       |       |       |     2 |     1 |       |     8 |    18 ||    29
         Olgreb's Toxic Ra |       |       |       |       |     1 |     7 |    35 |    18 |    22 ||    83
         Yara's Violent Un |       |       |       |       |       |       |    20 |    26 |   110 ||   156
         Orb of Destructio |       |       |       |       |       |       |    65 |    95 |   116 ||   276
         Petrify           |       |       |       |       |       |       |     6 |     9 |       ||    15
         Starburst         |       |       |       |       |       |       |       |   123 |   331 ||   454
         Blink             |       |       |       |       |       |       |       |     1 |    15 ||    16
         Dazzling Flash    |       |       |       |       |       |       |       |     1 |     2 ||     3
         Teleport Other    |       |       |       |       |       |       |       |       |     2 ||     2
         Passage of Golubr |       |       |       |       |       |       |       |       |    14 ||    14
 Invoke: Recall Ancestor   |       |       |     1 |     7 |     4 |     1 |       |     4 |    22 ||    39
         Ancestor Life: Kn |       |       |     1 |       |       |       |       |       |       ||     1
         Idealise          |       |       |       |       |       |       |     1 |       |       ||     1
         Transference      |       |       |       |       |       |       |       |       |     1 ||     1
Ability: Breathe Noxious F |       |       |    14 |    26 |    19 |    61 |    13 |     4 |       ||   137
         Evoke Blink       |       |       |       |     1 |     5 |     1 |       |       |       ||     7
  Evoke: Phantom mirror    |       |       |       |       |       |       |       |     2 |     1 ||     3
         Wand              |       |       |       |       |       |       |       |       |    12 ||    12
         Horn of Geryon    |       |       |       |       |       |       |       |       |     1 ||     1
         Condenser vane    |       |       |       |       |       |       |       |       |     1 ||     1
    Use: Scroll            |     3 |     5 |     9 |     9 |     7 |     3 |     5 |    17 |    20 ||    78
         Potion            |       |       |       |     1 |     4 |     5 |       |    20 |    22 ||    52
   Stab: Distracted        |       |       |       |     3 |     1 |       |     2 |     1 |       ||     7
         Confused          |       |       |       |     3 |     3 |       |       |       |       ||     6
         Petrified         |       |       |       |       |       |       |     6 |       |       ||     6
 Armour: Skin              |    11 |    30 |    86 |    58 |   101 |   306 |   297 |   351 |   796 ||  2036
  Dodge: Dodged            |    19 |    30 |    97 |    55 |    90 |   116 |   127 |   141 |   304 ||   979
  Block: Other             |       |       |       |       |     4 |    25 |       |       |       ||    29
         Reflection        |       |       |       |       |     2 |     8 |       |       |       ||    10
